 Dungeon Crawl Stone Soup version 0.25.0-3-gd7cc5688da (console) character file.

Game seed: 5703103416142507458

28 Kagalorn the Ruffian (level 2, 0/23 HPs)
             Began as a Centaur Transmuter on June 15, 2020.
             Succumbed to an adder's poison
             ... on level 1 of the Dungeon.
             The game lasted 00:03:15 (1391 turns).

Kagalorn the Ruffian (Centaur Transmuter)           Turns: 1391, Time: 00:03:16

Health: 0/23       AC:  4    Str: 12    XL:     2   Next: 96%
Magic:  4/4        EV:  9    Int: 12    God:
Gold:   37         SH:  0    Dex:  9    Spells: 3/4 levels left

rFire    . . .     SeeInvis +     - Unarmed
rCold    . . .     Gourm    .   (no shield)
rNeg     . . .     Faith    .   b - +0 robe
rPois    .         Spirit   .   (no helmet)
rElec    .         Reflect  .   (no cloak)
rCorr    .         Harm     .   (no gloves)
MR       .....                  (no barding)
Stlth    +.........             (no amulet)
HPRegen  0.07/turn              j - ring of see invisible
MPRegen  0.09/turn              (no ring)

@: lethally poisoned (0 -> -3), very quick
A: large, hooves 3, deformed body, speed 2, tough skin 3
a: no special abilities


You were on level 1 of the Dungeon.
You were not hungry.

You visited 1 branch of the dungeon, and saw 2 of its levels.

You collected 37 gold pieces.

Inventory:

Hand Weapons
 a - a +2 dagger of venom
Missiles
 f - a throwing net (quivered)
 k - 69 arrows
Armour
 b - a +0 robe (worn)
Jewellery
 j - a ring of see invisible (left hand)
Scrolls
 e - a scroll of random uselessness {unknown}
 h - 2 scrolls of remove curse {unknown}
 l - a scroll of fog {unknown}
 n - a scroll of blinking {unknown}
Potions
 c - a potion of might
 i - a potion of heal wounds {unknown}
 m - 2 potions of brilliance
Comestibles
 d - 3 rations


   Skills:
 - Level 1.0 Fighting
 - Level 1.3 Dodging
 * Level 3.6 Unarmed Combat
 - Level 1.5 Spellcasting
 * Level 2.5 Transmutations


You had 3 spell levels left.
You knew the following spells:

 Your Spells              Type           Power        Failure   Level  Hunger
a - Beastly Appendage     Tmut           #.....       10%         1    ##.....

Your spell library contained the following spells:

 Spells                   Type           Power        Failure   Level  Hunger
 Sticks to Snakes         Tmut           #.......     16%         2    ###....
 Spider Form              Tmut/Pois      #.........   45%         3    ####...
 Ice Form                 Ice/Tmut       #.......     86%         4    #####..
 Blade Hands              Tmut           #.........   95%         5    ######.


Dungeon Overview and Level Annotations

Branches:
Dungeon (2/15)

Altars:


Innate Abilities, Weirdness & Mutations

You have hooves in place of feet.
Armour fits poorly on your strangely shaped body.
You cover ground very quickly.
You have extremely tough skin. (AC +3)


Message History

The adder poisons you!
You climb upwards.
* * * LOW HITPOINT WARNING * * *
You feel sick.
There is a stone staircase leading down here.
* * * LOW HITPOINT WARNING * * *
You feel sick.
Things that are here:
a stone; a +0 short sword It was a potion of brilliance.
You feel clever all of a sudden. The adder bites you but does no damage.
It was a potion of might.
You feel very mighty all of a sudden. The adder bites you but does no damage.
It was a potion of cancellation.
Your magical effects are unravelling.
You feel magically purged.
You feel a little less mighty now.
You feel a little less clever now.
You die...

##... #.... #....
#.... ##...
######## ##..
###......## ##.
######.........#
#.
#(>.S@.#.####..##
#. #.######.#
##...## ##. #.#
#.###.....###..
#.#
#..............
#.#
#####.....).(.#
#.# ##...#...##
#.# ##.###...#
#.#
#######.#...##.
#.#
#............##


You could see an adder.

Vanquished Creatures
  An adder (D:2)
  A ball python (D:1)
  3 bats (D:1)
  A giant cockroach (D:1)
  2 goblins (D:1)
  3 hobgoblins (D:1)
  3 kobolds
  A frilled lizard (D:1)
  A rat (D:1)
16 creatures vanquished.

Notes
Turn   | Place    | Note
-------+----------+-------------------------------------------
     0 | D:1      | Kagalorn the Centaur Transmuter began the quest for the
                  | Orb.
     0 | D:1      | Reached XP level 1. HP: 16/16 MP: 3/3
   498 | D:1      | Reached XP level 2. HP: 23/23 MP: 2/4
  1387 | D:1      | HP: 1/23 [poisoned by an adder]
  1391 | D:1      | Succumbed to an adder's poison

Illustrated notes

Levels and vault maps discovered:
D:1:      lightli_arrival_quake, layout_loops_ring
D:2:      layout_loops_cross, uniq_sigmund

Skill      XL: |  1 |
---------------+----+-----
Transmutations | 2 |  2.5
Fighting       | |  1.0
Dodging        | |  1.3
Unarmed Combat | |  3.6
Spellcasting   | |  1.5

Action                   || total
-------------------------++-------
Melee: Unarmed           ||    56
       Kick              ||     8
       Headbutt          ||     3
 Cast: Beastly Appendage ||    10
  Use: Potion            ||     3
  Eat: Chunk             ||     1
Armor: Robe              ||    21
Dodge: Dodged            ||    32
